 Dungeon Crawl Stone Soup version 0.24-a0-537-g2d01d4ab0a (webtiles) character file.

Game seed: 9630633596490176701

5645 Chiseanne the Destroyer (level 10, -5/63 HPs)
             Began as a Demonspawn Wizard on Aug 15, 2019.
             Was a Follower of Vehumet.
             Killed from afar by a lindwurm (31 damage)
             ... with a blast of flame
             ... on level 8 of the Dungeon.
             The game lasted 00:32:08 (9849 turns).

Chiseanne the Destroyer (Demonspawn Wizard)         Turns: 9849, Time: 00:32:08

Health: -5/63      AC:  6    Str:  7    XL:     10   Next: 46%
Magic:  15/24      EV: 15    Int: 26    God:    Vehumet [*.....]
Gold:   96         SH:  0    Dex: 17    Spells: 8/29 levels left

rFire    . . .     SeeInvis .   a - +2 whip (elec)
rCold    . . .     Gourm    .   (no shield)
rNeg     . . .     Faith    .   O - +2 robe {Archmagi}
rPois    .         Spirit   .   b - +1 hat
rElec    .         Reflect  .   q - scarf {cloud immunity}
rCorr    .         Harm     .   F - +0 pair of gloves
MR       .....                  (no boots)
Stlth    +++.......             B - amulet of magic regeneration
HPRegen  1.20/turn              v - +3 ring of evasion
MPRegen  0.44/turn              y - +4 ring of intelligence

@: no status effects
A: antennae 1, thin skeletal structure 2, powered by death 1, powered by pain 2
a: Renounce Religion


You were on level 8 of the Dungeon.
You worshipped Vehumet.
Vehumet was aware of your devotion.
You were not hungry.

You visited 2 branches of the dungeon, and saw 9 of its levels.
You also visited: Bailey.

You collected 280 gold pieces.
You spent 184 gold pieces at shops.

Inventory:

Hand Weapons
 a - a +2 whip of electrocution (weapon)
 N - a +0 dagger of venom
Missiles
 c - 227 stones (quivered)
 i - 31 bolts
 m - 22 poisoned darts
 r - 70 arrows
 D - 36 sling bullets
 H - 41 boomerangs
Armour
 b - a +1 hat (worn)
 q - a scarf of cloud immunity (worn)
 F - a +0 pair of gloves (worn)
 O - a +2 robe of the Archmagi (worn)
Jewellery
 f - an uncursed ring of poison resistance
 o - a +2 ring of evasion
 s - an uncursed amulet of faith
 v - a +3 ring of evasion (left hand)
 y - a +4 ring of intelligence (right hand)
 B - an amulet of magic regeneration (around neck)
Wands
 h - a wand of digging (4)
 t - a wand of acid (2)
Scrolls
 w - 2 scrolls of teleportation
 x - 4 scrolls of remove curse
 E - a scroll of amnesia
Potions
 e - 2 potions of haste
 j - a potion of lignification {unknown}
 k - 4 potions of heal wounds
 l - 2 potions of ambrosia
 n - 2 potions of brilliance
 p - 2 potions of agility
 z - a potion of berserk rage {unknown}
 A - 4 potions of invisibility
 C - a potion of mutation {unknown}
 G - a potion of curing {unknown}
 I - 3 potions of flight
 J - a potion of might
Comestibles
 d - 14 rations
 g - 5 chunks of flesh


   Skills:
 - Level 1.7 Dodging
 - Level 1.7 Stealth
 * Level 10.3 Spellcasting
 * Level 10.8 Conjurations
 - Level 1.0 Summonings
 - Level 0.8 Translocations
 * Level 3.0 Air Magic


You had 8 spell levels left.
You knew the following spells:

 Your Spells              Type           Power        Failure   Level  Hunger
a - Magic Dart            Conj           ####         1%          1    None
b - Blink                 Tloc           N/A          4%          2    None
c - Conjure Flame         Conj/Fire      ######..     1%          3    None
d - Mephitic Cloud        Conj/Pois/Air  ######..     1%          3    None
e - Iskenderun's Mystic   Conj           #######.     1%          4    None
f - Force Lance           Conj/Tloc      ######..     4%          4    None
g - Summon Lightning Spi  Summ/Air       #####...     19%         4    None

Your spell library contained the following spells:

 Spells                   Type           Power        Failure   Level  Hunger
 Sandblast                Erth           ###...       4%          1    None
 Searing Ray              Conj           ######       1%          2    None
 Dazzling Spray           Conj/Hex       ######       1%          3    None
 Summon Small Mammal      Summ           ####         3%          1    None
 Call Imp                 Summ           ####....     4%          2    None
 Fulminant Prism          Conj/Hex       ######....   4%          4    None
 Slow                     Hex            ###.....     7%          2    None
 Call Canine Familiar     Summ           ####....     9%          3    None
 Summon Guardian Golem    Hex/Summ       ###.....     11%         3    None
 Summon Ice Beast         Ice/Summ       ###.....     34%         4    None


Dungeon Overview and Level Annotations

Branches:
Dungeon (8/15)             Temple (1/1) D:7
   Lair: D:8-11

Altars:
Cheibriados
Dithmenos
Elyvilon
Gozag
Kikubaaqudgha
Makhleb
Qazlal
Ru
Sif Muna
Trog
Vehumet
Xom
The Shining One

Shops:
D:5 (   D:7 [[*(

Annotations:
D:4 3 runed translucent doors, Gynju's ghost, amateur SpEn


Innate Abilities, Weirdness & Mutations

You have a pair of small antennae on your head.
You have a moderately thin skeletal structure. (Dex +4, Stealth+)
You regenerate a little health from kills.
You sometimes gain power by taking damage.


Message History

Aiming: Iskenderun's Mystic Blast (safe; 1% risk of failure)
Press: ? - help, Shift-Dir - straight line, f - lindwurm, p - lindwurm
Aim: a lindwurm (almost dead, catching its breath)
You feel a surge of power!
The orb of energy hits the lindwurm!!
You kill the lindwurm!
Vehumet accepts your kill.
You feel your power returning.
Your Air Magic skill increases to level 3!
Casting: Iskenderun's Mystic Blast (safe; 1% risk of failure)
Confirm with . or Enter, or press ? or * to list all spells.
Aiming: Iskenderun's Mystic Blast (safe; 1% risk of failure)
Press: ? - help, Shift-Dir - straight line, f - lindwurm
Aim: a lindwurm You feel a surge of power!
The orb of energy hits the lindwurm!!
The lindwurm is severely wounded.
The lindwurm breathes flames at you. The blast of flame hits you!!
The lindwurm breathes flames at you. The blast of flame hits you!!
You die...

≈≈..# ##..≈≈≈≈≈§.
§≈...##...§§≈≈§§.
≈≈≈≈.kkk≈§≈≈§≈≈..
§≈§≈≈≈≈≈≈≈§§≈≈≈..#####
≈≈≈≈≈≈§≈≈≈§§≈≈≈.......
.≈≈≈≈≈≈≈≈§§§§≈.....#.#
..§≈≈≈≈≈§≈§§§........###
.....≈≈≈@..§..........^#
.......≈§.§...##....##.#
#..#....#.....+.......#
##...........##......###
##........#.##....#..).
####+##)...##.##....#.##.
#..............#....####.
#.....##...#..........†..
#.........>+........####.


You could see 3 lindwurms.

Vanquished Creatures
  A lindwurm (D:8)
  2 orc knights (Bailey)
  2 hippogriffs
  2 hungry ghosts
  2 sky beasts
  5 orc warriors
  2 phantoms
  4 ogres
  3 centaurs
  Blork the orc (D:5)
  5 bullfrogs
  A scorpion (D:8)
  A water moccasin skeleton (D:6)
  6 killer bees (D:8)
  A howler monkey (D:4)
  3 wights (D:6)
  8 crimson imps
  A quasit (D:8)
  A centaur zombie (D:7)
  A gnoll shaman (D:5)
  5 hounds
  A bullfrog zombie (D:5)
  7 orc priests
  A centaur skeleton (D:5)
  2 bullfrog skeletons
  5 orc wizards
  An iguana (D:6)
  A worker ant (D:4)
  2 hound zombies
  A hound skeleton (D:5)
  A worker ant zombie (D:5)
  9 adders
  13 gnolls
  A shadow imp (D:8)
  An adder skeleton (D:6)
  A worm (D:2)
  2 dart slugs
  3 leopard geckos
  36 orcs
  4 bats
  6 giant cockroaches
  9 goblins
  10 hobgoblins
  4 jackals (D:2)
  4 quokkas
  4 frilled lizards
  2 giant cockroach zombies (D:5)
  24 kobolds
  A leopard gecko zombie (D:5)
  A quokka zombie (D:7)
  5 rats
219 creatures vanquished.

Notes
Turn   | Place    | Note
-------+----------+-------------------------------------------
     0 | D:1      | Chiseanne the Demonspawn Wizard began the quest for the
                  | Orb.
     0 | D:1      | Reached XP level 1. HP: 13/13 MP: 4/4
   356 | D:1      | Gained mutation: You have a somewhat thin skeletal
                  | structure. (Dex +2, Stealth) [demonic ancestry]
   356 | D:1      | Reached XP level 2. HP: 10/19 MP: 0/6
   949 | D:1      | You fall into a shaft and drop 1 floor!
  1555 | D:2      | Gained mutation: You sometimes gain a little power by
                  | taking damage. [demonic ancestry]
  1555 | D:2      | Reached XP level 3. HP: 15/24 MP: 1/8
  1899 | D:2      | Learned a level 2 spell: Blink
  1903 | D:2      | Learned a level 3 spell: Conjure Flame
  1907 | D:2      | Learned a level 3 spell: Mephitic Cloud
  2458 | D:3      | Gained mutation: You have a moderately thin skeletal
                  | structure. (Dex +4, Stealth+) [demonic ancestry]
  2458 | D:3      | Reached XP level 4. HP: 26/30 MP: 6/9
  3062 | D:3      | Reached XP level 5. HP: 31/35 MP: 5/11
  3891 | D:4      | Gained mutation: You sometimes gain power by taking damage.
                  | [demonic ancestry]
  3891 | D:4      | Reached XP level 6. HP: 41/41 MP: 0/13
  3903 | D:4      | Reached skill level 5 in Spellcasting
  4417 | D:4      | Found a runed translucent gate.
  4417 | D:4      | Found a runed translucent gate.
  4417 | D:4      | Found an opulent altar of Gozag.
  4417 | D:4      | Found a runed translucent gate.
  4419 | D:4      | Noticed Gynju's ghost (amateur SpEn)
  4436 | D:4      | Reached skill level 5 in Conjurations
  4547 | D:4      | Found a shimmering altar of Xom.
  4561 | D:4      | Gained mutation: You regenerate a little health from kills.
                  | [demonic ancestry]
  4561 | D:4      | Reached XP level 7. HP: 46/46 MP: 6/15
  4667 | D:4      | Found a shimmering altar of Xom.
  5072 | D:5      | Entered Level 5 of the Dungeon
  5072 | D:5      | Found Peoc Safa's Weapon Boutique.
  5072 | D:5      | Noticed Blork the orc
  5083 | D:5      | Killed Blork the orc
  5842 | D:5      | Gained mutation: You have a pair of small antennae on your
                  | head. [demonic ancestry]
  5842 | D:5      | Reached XP level 8. HP: 52/52 MP: 11/18
  7215 | D:7      | Found Niybykk's Armour Shoppe.
  7227 | D:7      | Noticed a hippogriff
  7256 | D:7      | Killed a hippogriff
  7256 | D:7      | Reached XP level 9. HP: 36/57 MP: 9/21
  7524 | D:7      | Found Rotumn's Weapon Shop.
  7594 | D:7      | Found Hogeol's Assorted Antiques.
  7619 | D:7      | Bought a silvery potion for 22 gold pieces
  7619 | D:7      | Bought a silvery potion for 22 gold pieces
  7619 | D:7      | Bought a fuming clear potion for 22 gold pieces
  7635 | D:7      | Found a flagged portal.
  7660 | Bailey   | Entered a bailey
  7744 | Bailey   | Noticed an orc knight
  7801 | Bailey   | Noticed an orc knight
  8037 | Bailey   | Killed an orc knight
  8491 | Bailey   | Identified the quicksilver dragon scales "Uhiphon" {MR+
                  | Slay+3}
  8506 | Bailey   | Killed an orc knight
  8506 | Bailey   | Reached skill level 10 in Conjurations
  8735 | D:7      | Found a staircase to the Ecumenical Temple.
  8749 | Temple   | Entered the Ecumenical Temple
  8769 | Temple   | Became a worshipper of Vehumet
  8909 | D:7      | Reached XP level 10. HP: 49/63 MP: 17/23
  8984 | D:7      | Learned a level 4 spell: Iskenderun's Mystic Blast
  8989 | D:7      | Learned a level 4 spell: Force Lance
  8994 | D:7      | Learned a level 4 spell: Summon Lightning Spire
  9104 | D:7      | Found a shimmering blue altar of Sif Muna.
  9181 | D:7      | Reached skill level 1 in Air Magic
  9250 | D:7      | Found Irocvurr's Antique Armour Emporium.
  9260 | D:7      | Bought a runed robe for 118 gold pieces
  9462 | D:8      | Reached skill level 10 in Spellcasting
  9509 | D:8      | Reached * piety under Vehumet
  9509 | D:8      | Offered knowledge of Sandblast by Vehumet.
  9833 | D:8      | Noticed a lindwurm
  9842 | D:8      | Noticed a lindwurm
  9846 | D:8      | Noticed a lindwurm
  9847 | D:8      | Noticed a lindwurm
  9848 | D:8      | Killed a lindwurm
  9849 | D:8      | Killed from afar by a lindwurm

Levels and vault maps discovered:
D:1:      dpeg_arrival_erosion, layout_loops_cross
D:2:      layout_loops_ring
D:3:      layout_rooms, first_ration
D:4:      layout_loops_ring, old_standard_altar, ebering_ghost_gozag,
          led_xom_imps
D:5:      layout_gridville, serial_undead, serial_undead_f, serial_undead_b,
          serial_undead_c, serial_undead_c, serial_shops, nicolae_shop_crystal,
          uniq_blork_the_orc
D:6:      layout_basic
D:7:      layout_basic, minmay_temple_entry_offerings, enter_bailey_3,
          serial_shops, nicolae_shop_crystal, shop, shop, shop_fountains,
          tgw_sif
D:8:      layout_basic, minmay_lindwurm_lava
Temple:   nicolae_temple_the_god_donut

Skill      XL: |  1  2  3  4  5  6  7  8  9 10 |
---------------+-------------------------------+-----
Conjurations   | 2 3 4 5 6 8 10 | 10.8
Spellcasting   | 4 5 6 8 9 10 | 10.3
Air Magic      | 3 |  3.0
Dodging        | |  1.7
Stealth        | |  1.7
Summonings     | |  1.0
Translocations | |  0.8

Action                   |  1- 3 |  4- 6 |  7- 9 | 10-12 || total
-------------------------+-------+-------+-------+-------++-------
Melee: Short sword       |     5 |       |       |       ||     5
       Whip              |     1 |    26 |   133 |    13 ||   173
 Cast: Magic Dart        |   105 |   121 |   343 |    45 ||   614
       Mephitic Cloud    |       |     5 |    30 |     4 ||    39
       Blink             |       |       |     6 |       ||     6
       Conjure Flame     |       |       |     6 |     2 ||     8
       Iskenderun's Myst |       |       |       |    36 ||    36
Evoke: Wand              |       |       |     4 |       ||     4
  Use: Scroll            |     7 |     4 |     5 |     5 ||    21
       Potion            |       |     1 |     2 |       ||     3
 Stab: Confused          |       |       |     5 |       ||     5
       Sleeping          |       |       |     1 |       ||     1
       Distracted        |       |       |     2 |       ||     2
  Eat: Chunk             |     4 |     7 |    14 |     4 ||    29
Armor: Robe              |     2 |       |    25 |     7 ||    34
Dodge: Dodged            |    19 |    43 |   159 |    20 ||   241

Table legend:
 A = Non-vault XP
 B = Vault XP
 C = Vault XP percentage of total XP
 D = Non-vault monster count
 E = Vault monster count
 F = Vault count percentage of total count
                 A         B        C        D         E       F
            +---------+---------+-------+---------+---------+-------
      Total |    5094 |    2971 |  36.8 |     172 |      47 |  21.5
            +---------+---------+-------+---------+---------+-------
        D:1 |      20 |       0 |   0.0 |      14 |       0 |   0.0
        D:2 |      61 |       0 |   0.0 |      20 |       0 |   0.0
        D:3 |     203 |       0 |   0.0 |      27 |       0 |   0.0
        D:4 |     461 |     200 |  30.3 |      20 |       4 |  16.7
        D:5 |     616 |     272 |  30.6 |      19 |      10 |  34.5
        D:6 |     865 |       0 |   0.0 |      14 |       0 |   0.0
        D:7 |    1531 |      46 |   2.9 |      36 |       5 |  12.2
        D:8 |    1337 |     676 |  33.6 |      22 |       1 |   4.3
     Bailey |       0 |    1777 | 100.0 |       0 |      27 | 100.0
            +---------+---------+-------+---------+---------+-------
